 Dungeon Crawl Stone Soup version 0.31-a0-1068-g5939ac1fb6 (webtiles) character file.

Game seed: 12887598276360065998

367 night the Shooter (level 6, 0/47 HPs)
             Began as a Draconian Hexslinger on Nov 23, 2023.
             Was a Plaything of Xom.
             Slain by a lemure (7 damage)
             ... led by Pikel
             ... on level 3 of the Dungeon.
             The game lasted 00:09:21 (4117 turns).

night the Shooter (Draconian Hexslinger)            Turns: 4117, Time: 00:09:21

Health: 0/47       AC:  7    Str: 15    XL:     6   Next: 41%
Magic:  9/10       EV: 12    Int: 14    God:    Xom [...*..]
Gold:   140        SH:  0    Dex: 12    Spells: 6/11 levels left

rFire   . . .        a - +1 sling
rCold   . . .        (no shield)
rNeg    . . .        (body armour unavailable)
rPois   .            g - +0 hat
rElec   .            (no cloak)
rCorr   .            (no gloves)
SInv    .            q - +0 pair of boots
Will    .....        (no amulet)
Stlth   +            (no ring)
HPRegen 0.27/turn    (no ring)
MPRegen 0.12/turn

%: no passive effects
@: weak-willed
A: AC +6, unfitting armour, cold-blooded, strong 1
a: Renounce Religion


You were on level 3 of the Dungeon.
You worshipped Xom.
You were a favourite toy of Xom.
You visited 1 branch of the dungeon, and saw 4 of its levels.

You collected 140 gold pieces.

Inventory:

Hand Weapons
 a - a +1 sling (weapon)
 e - a +1 heavy long sword
Missiles
 c - 15 poisoned darts
 d - 46 stones
 m - 2 throwing nets
Armour
 g - a +0 hat (worn)
 q - a +0 pair of boots (worn)
Talismans
 k - a beast talisman
Scrolls
 b - a scroll of poison
 r - a scroll of butterflies
 s - a scroll of blinking
 t - a scroll of teleportation {unknown}
Potions
 f - 2 potions of ambrosia
 h - a potion of enlightenment {unknown}
 i - 2 potions of might {unknown}
 j - 3 potions of curing {unknown}
 l - 3 potions of heal wounds {unknown}
 n - a potion of degeneration {unknown}
 o - a potion of lignification {unknown}
 p - a potion of haste {unknown}


   Skills:
 - Level 1.1 Fighting
 * Level 4.5 Ranged Weapons
 - Level 1.7 Dodging
 + Level 3.0 Spellcasting
 + Level 4.0 Hexes
 - Level 1.0 Fire Magic


You had 6 spell levels left.
You knew the following spells:

 Your Spells              Type           Power      Damage    Failure   Level
a - Jinxbite              Hex            26%        N/A       6%          2
b - Sigil of Binding      Hex            13%        N/A       12%         3

Your spell library contained the following spells:

 Spells                   Type           Power      Damage    Failure   Level
 Inner Flame              Hex/Fire       9%         N/A       22%         3
 Cause Fear               Hex            6%         N/A       38%         4
 Ignite Poison            Fire/Tmut/Pois 3%         N/A       50%         3
 Swiftness                Air            2%         N/A       54%         3
 Dimensional Bullseye     Hex/Tloc       3%         N/A       67%         4
 Summon Lightning Spire   Summ/Air       2%         N/A       91%         4
 Chain Lightning          Conj/Air       1%         3d1       100%        9


Dungeon Overview and Level Annotations

Branches:
Dungeon (4/15)
 Temple: D:4-7

Altars:
Gozag
Xom

Annotations:
D:3 Pikel


Innate Abilities, Weirdness & Mutations

Your plain brown scales are hard. (AC +6)
You cannot fit into any form of body armour.
You are cold-blooded and may be slowed by cold attacks.
Your muscles are strong. (Str +4, Int/Dex -1)


Message History

The lemure closely misses you.
Fire: a) +1 sling
Press: ? - help, Shift-Dir - straight line, f/p - Pikel
Aim: Pikel, wielding a +0 whip of flaming, wearing a +0 robe and carrying a wand of flame (severely wounded, fast, confused, heavily drained, 73% to hit)
You shoot a sling bullet.
The sling bullet hits Pikel but does no damage.
Pikel is severely wounded.
Pikel seems less drained.
The lemure misses you.
Fire: a) +1 sling
Press: ? - help, Shift-Dir - straight line, f/p - Pikel
Aim: Pikel, wielding a +0 whip of flaming, wearing a +0 robe and carrying a wand of flame (severely wounded, fast, confused, 73% to hit)
You shoot a sling bullet.
The sling bullet hits Pikel but does no damage.
Pikel is severely wounded.
The lemure hits you!
* * * LOW HITPOINT WARNING * * *
Fire: a) +1 sling
Press: ? - help, Shift-Dir - straight line, f/p - Pikel
Aim: Pikel, wielding a +0 whip of flaming, wearing a +0 robe and carrying a wand of flame (severely wounded, fast, confused, 73% to hit)
You shoot a sling bullet. The sling bullet hits Pikel.
Pikel is severely wounded.
The lemure closely misses you.
Pikel hits himself with a +0 whip of flaming.
Pikel burns himself.
Fire: a) +1 sling
Press: ? - help, Shift-Dir - straight line, f/p - Pikel
Aim: Pikel, wielding a +0 whip of flaming, wearing a +0 robe and carrying a wand of flame (almost dead, fast, confused, 73% to hit)
You shoot a sling bullet.
The sling bullet hits Pikel but does no damage.
Pikel is almost dead.
The lemure barely misses you. The lemure closely misses you.
You shoot a sling bullet. The sling bullet hits Pikel.
Pikel is almost dead.
Pikel hits you with a +0 whip of flaming.
* * * LOW HITPOINT WARNING * * *
Pikel burns you.
* * * LOW HITPOINT WARNING * * *
The lemure hits you!
You die...
Xom howls with laughter!

#....#.....#..#
#....#.....#..######
######.....#..'....)
#.....#..####..
####)###..# #..
#.....###### #..
#..........# ###
###...#....^.#
#>@K..#......#
#5#####......# #.#
#......# #.#
#......# #.#
######## #.#
#.######
#########......###
##
#.........####...##
#.


You could see Pikel (fast, confused) and a lemure.

Vanquished Creatures
  Jessica (D:3)
  Natasha (D:3)
  Terence (D:2)
  5 adders
  2 dart slugs
  5 orcs
  9 endoplasms
  A giant cockroach (D:1)
  6 goblins
  3 hobgoblins
  7 jackals
  2 quokkas (D:1)
  5 ball pythons
  5 bats
  2 frilled lizards (D:2)
  8 kobolds
  8 rats
71 creatures vanquished.

Vanquished Creatures (collateral kills)
  Sigmund (D:2)
  A giant cockroach (D:3)
  A kobold (D:3)
3 creatures vanquished.

Grand Total: 74 creatures vanquished

Notes
Turn   | Place    | Note
-------+----------+-------------------------------------------
     0 | D:1      | night the Draconian Hexslinger began the quest for the Orb.
     0 | D:1      | Reached XP level 1. HP: 16/16 MP: 2/2
    42 | D:1      | Reached skill level 2 in Ranged Weapons
    83 | D:1      | Reached XP level 2. HP: 23/23 MP: 3/3
    86 | D:1      | Learned a level 2 spell: Jinxbite
   818 | D:1      | Reached XP level 3. HP: 28/28 MP: 2/5
  1422 | D:2      | Identified the +8 trident "Ytsasch" {protect, *Corrode SInv
                  | Stlth+}
  1673 | D:2      | Found a shimmering altar of Xom.
  1709 | D:2      | Became a worshipper of Xom the Chaotic
  1717 | D:2      | Noticed Terence
  1727 | D:2      | HP: 3/28 [Terence/+2 mace of holy wrath (7)]
  1727 | D:2      | XOM: butterfly on damage
  1729 | D:2      | Killed Terence
  1730 | D:2      | Reached XP level 4. HP: 4/35 MP: 2/6
  1820 | D:2      | XOM: silly message
  2721 | D:2      | XOM: scenery: summon butterflies
  2725 | D:2      | Noticed Sigmund
  2732 | D:2      | XOM: cast spell 'Leda's Liquefaction'
  2738 | D:2      | XOM: cast spell 'Summon Ice Beast'
  2838 | D:2      | Killed Sigmund
  2839 | D:2      | Reached skill level 2 in Spellcasting
  2839 | D:2      | Reached XP level 5. HP: 40/40 MP: 5/9
  3056 | D:3      | Got the Spellbook of the Feathery Cure
  3067 | D:3      | Found an opulent altar of Gozag.
  3108 | D:3      | Noticed Jessica
  3111 | D:3      | Killed Jessica
  3112 | D:3      | Reached XP level 6. HP: 47/47 MP: 7/10
  3250 | D:3      | Noticed Natasha
  3256 | D:3      | XOM: summons friendly shadow imp
  3259 | D:3      | Killed Natasha
  3346 | D:3      | Found a faded altar of an unknown god.
  3401 | D:3      | XOM: polymorph shadow imp -> ufetubus
  3424 | D:3      | XOM: divination: magic mapping
  3540 | D:3      | XOM: cloud trail
  3717 | D:3      | Learned a level 3 spell: Sigil of Binding
  3750 | D:3      | XOM: give mutation
  3750 | D:3      | Gained mutation: Your muscles are strong. (Str +4, Int/Dex
                  | -1) [Xom's grace]
  3825 | D:3      | XOM: scenery: summon butterflies
  3855 | D:3      | XOM: 1-stop teleportation journey
  4082 | D:4      | Noticed Pikel
  4101 | D:3      | XOM: enchant monster (bad)
  4104 | D:3      | XOM: confuse monster(s)
  4117 | D:3      | HP: 7/47 [Pikel/+0 whip of flaming (1)]
  4117 | D:3      | Slain by a lemure

Illustrated notes

Levels and vault maps discovered:
D:1:      saegor_arrival_miasma, layout_basic
D:2:      layout_basic, basic_altar, kennysheep_cross_room, uniq_terence,
          uniq_sigmund
D:3:      cheibrodos_old_hovel, layout_basic, grunt_gozag_breadcrumbs,
          shapermc_ecumenical_altar_flowoftime, uniq_jessica, uniq_natasha
D:4:      layout_cave_pools, kennysheep_mini_moat,
          minmay_temple_entry_gardened_gates, uniq_blork_the_orc, uniq_edmund,
          uniq_pikel

Skill      XL: |  1  2  3  4  5  6 |
---------------+-------------------+-----
Ranged Weapons | 2 3 4 |  4.5
Hexes          | 3 4 |  4.0
Spellcasting   | 2 3 |  3.0
Fighting       | |  1.1
Dodging        | |  1.7
Fire Magic     | |  1.0

Action                     |  1- 3 |  4- 6 || total
---------------------------+-------+-------++-------
   Fire: Sling             |    79 |   126 ||   205
   Cast: Jinxbite          |    22 |    28 ||    50
    Use: Potion            |       |     1 ||     1
         Scroll            |       |     2 ||     2
 Armour: Skin              |    15 |    56 ||    71
  Dodge: Dodged            |    17 |    53 ||    70
         Form:             |       |     1 ||     1
         Beast             |       |     1 ||     1

Table legend: (Time is in decaauts)
 A = Elapsed time spent in this place.
 B = Non-inter-level travel time spent in this place.
 C = Inter-level travel time spent in this place.
 D = Time resting spent in this place.
 E = Time spent auto-exploring this place.
 F = Levels seen in this place.
 G = Mean time per level.
                   A        B        C        D        E       F      G
               +--------+--------+--------+--------+--------+-----+--------+
         Total |   4165 |   3979 |    186 |    187 |   3134 |   4 | 1041.2 |
       Dungeon |   4165 |   3979 |    186 |    187 |   3134 |   4 | 1041.2 |
               +--------+--------+--------+--------+--------+-----+--------+

Top non-repeatable levels by time:
     D:2: 1661 daAuts
     D:1: 1397 daAuts
     D:3: 1036 daAuts
     D:4: 70 daAuts
